R3

Match 16286421
End
Vickers Machine Gun Team
Construct Section Command Post
Dingo Light Scout Car
Selects Heavy Armor Battlegroup
Infantry Section
Infantry Section
Selects Radio Net
ML 3-inch Mortar Team
Construct Platoon Command Post
Unlock M3 Stuart Light Tanks
M3 Stuart Light Tank
Construct Field Infirmary
6-pounder Anti-tank Gun Team
Infantry Section
Selects Crusader AA Medium Tank
Crusader AA Medium Tank
Radio Net
Selects Churchill IV Heavy Tank
Churchill IV Heavy Tank
Vickers Machine Gun Team
Selects Engineer Detachments
Selects Light Vehicle Withdraw and Refit
CMP 15cwt Truck
Royal Engineer Section
Selects Designate Targets
Unlock Bishop Self-propelled Artillery
Infantry Section
Light Vehicle Withdraw and Refit
Churchill IV Heavy Tank
Light Vehicle Withdraw and Refit
Bishop Self-propelled Artillery
Designate Targets
Designate Targets
Churchill IV Heavy Tank
Designate Targets
Bishop Self-propelled Artillery
Designate Targets
Designate Targets
Churchill IV Heavy Tank
Armored Vehicle Training
Designate Targets
Designate Targets
Tok3n x Operator
MonoChrome
witti
plata
0
0

Comments sign in to comment!

No comments posted yet!